Map: Shrines of Lizul

Players

vjov - Winner!

  • Race: Protoss Protoss
  • Spawn Location: 6:00

Amix - Winner!

  • Race: Zerg Zerg
  • Spawn Location: 9:00

A.I. 2 (Medium)

  • Race: Protoss Protoss
  • Spawn Location: 12:00

A.I. 3 (Harder)

  • Race: Terran Terran
  • Spawn Location: 3:00

VOD

Have the link to the VOD?

Description

Time

  • Played on: Nov. 26, 2016, 4:38 a.m.
  • Length: 11:40
Show
View Real Time Build Order
Export as new Build Order

vjov Protoss - Winner!

Build Orders:  

Get SALT Encoding   

  12  0:02  Probe (Chrono Boost)  
  13  0:12  Probe (Chrono Boost)  
  14  0:20  Pylon  
  14  0:33  Probe (Chrono Boost)  
  15  0:40  Gateway  
  15  0:49  Gateway  
  15  0:51  Probe (Chrono Boost)  
  16  1:02  Probe (Chrono Boost)  
  17  1:16  Probe (Chrono Boost)  
  18  1:31  Cybernetics Core  
  18  1:41  Assimilator  
  18  1:48  Nexus  
  18  1:54  Probe (Chrono Boost)  
  19  2:00  Assimilator  
  19  2:04  Probe (Chrono Boost)  
  20  2:18  Pylon  
  20  2:22  Probe (Chrono Boost)  
  21  2:33  Probe (Chrono Boost)  
  21  2:36  Stalker  
  24  2:37  Stalker  
  24  2:43  Probe (Chrono Boost)  
  27  3:00  Forge  
  27  3:03  Probe (Chrono Boost)  
  28  3:10  Stalker  
  30  3:14  Probe (Chrono Boost)  
  30  3:17  Stalker  
  33  3:25  Probe (Chrono Boost)  
  34  3:28  Probe (Chrono Boost)  
  35  3:35  Probe (Chrono Boost)  
  35  3:37  Pylon  
  35  3:39  Probe (Chrono Boost)  
  37  3:46  Twilight Council, Probe (Chrono Boost)  
  38  3:50  Probe (Chrono Boost)  
  39  3:56  Probe (Chrono Boost)  
  39  4:01  Assimilator  
  40  4:03  Assimilator  
  40  4:07  Probe (Chrono Boost)  
  40  4:08  Probe (Chrono Boost)  
  42  4:17  Probe (Chrono Boost)  
  42  4:18  Probe (Chrono Boost)  
  42  4:19  Zealot  
  46  4:28  Probe (Chrono Boost)  
  46  4:29  Probe (Chrono Boost)  
  48  4:34  Zealot  
  51  4:38  Probe (Chrono Boost)  
  51  4:39  Probe (Chrono Boost)  
  51  4:43  Robotics Facility  
  51  4:44  Protoss Ground Weapons Level 1  
  52  4:46  Blink (Chrono Boost)  
  50  5:05  Stalker x2  
  54  5:28  Pylon  
  54  5:29  Pylon  
  54  5:30  Pylon  
  54  5:42  Robotics Bay  
  54  5:46  Probe (Chrono Boost)  
  54  5:47  Robotics Facility  
  55  5:52  Gateway  
  56  5:57  Gateway, Probe (Chrono Boost)  
  56  6:06  Probe (Chrono Boost)  
  56  6:09  Mothership Core  
  59  6:13  Pylon  
  59  6:14  Pylon  
  59  6:16  Probe  
  60  6:27  Probe  
  61  6:49  Immortal  
  61  6:50  Immortal  
  69  6:56  Pylon  
  69  6:57  Stalker x2  
  69  6:58  Stalker x2, Pylon  
  77  7:14  Forge  
  77  7:29  Immortal x2  
  85  7:30  Protoss Ground Weapons Level 2 (Chrono Boost)  
  85  7:49  Protoss Ground Armor Level 1 (Chrono Boost)  
  85  7:54  Probe  
  66  8:39  Stalker x4  
  74  8:45  Immortal x2  
  82  8:50  Nexus  
  82  8:55  Assimilator  
  82  9:00  Assimilator  
  80  9:09  Stalker x4  
  88  9:59  Stalker x4  
  96  10:29  Stalker x4  
Show
View Real Time Build Order
Export as new Build Order

Amix Zerg - Winner!

Build Orders: 3 Hatch before Pool 

Get SALT Encoding   

  12  0:01  Drone  
  13  0:08  Drone  
  14  0:17  Overlord  
  14  0:27  Extractor  
  14  0:28  Drone  
  16  0:35  Drone  
  16  0:37  Drone  
  17  0:56  Hatchery  
  16  1:02  Drone x2  
  18  1:24  Hatchery  
  17  1:31  Drone  
  17  1:32  Drone  
  19  1:34  Extractor  
  18  1:47  Spawning Pool  
  18  1:49  Drone  
  18  1:52  Drone  
  19  1:56  Drone  
  20  2:04  Drone  
  21  2:10  Drone  
  22  2:16  Drone  
  23  2:24  Drone  
  23  2:25  Drone  
  25  2:33  Drone  
  25  2:36  Drone x2  
  28  2:38  Queen  
  30  2:47  Overlord  
  30  2:51  Drone  
  31  2:55  Drone  
  32  2:59  Queen  
  32  3:05  Queen  
  34  3:09  Overlord  
  36  3:16  Lair  
  36  3:23  Roach Warren  
  35  3:27  Evolution Chamber  
  35  3:28  Evolution Chamber  
  35  3:29  Drone, Extractor  
  35  3:30  Drone, Extractor  
  35  3:33  Drone  
  34  3:39  Drone x2  
  34  3:40  Drone  
  37  3:41  Drone  
  37  3:47  Drone x3  
  41  3:49  Drone  
  41  3:54  Drone x2  
  44  3:58  Zerg Missile Weapons Level 1  
  44  4:09  Zerg Ground Armor Level 1  
  44  4:13  Glial Reconstitution  
  44  4:15  Roach  
  46  4:22  Roach x2  
  50  4:27  Extractor  
  50  4:28  Drone  
  50  4:42  Overlord x2  
  50  4:43  Overlord x2  
  50  5:00  Queen  
  50  5:05  Roach x3  
  50  5:06  Roach x9  
  76  5:14  Roach x2  
  76  5:15  Roach  
  76  5:16  Overlord  
  76  5:20  Drone, Extractor  
  82  5:21  Extractor  
  81  5:35  Queen  
  83  5:53  Roach x3  
  83  5:54  Overlord x5  
  89  6:01  Drone  
  90  6:13  Drone x10  
  90  6:14  Drone x2  
  102  6:21  Drone  
  102  6:22  Drone x3  
  109  6:32  Ravager x3  
  109  6:33  Ravager x6  
  115  6:43  Roach  
  115  6:44  Roach x4  
  125  6:47  Zerg Missile Weapons Level 2  
  125  7:04  Drone x3  
  125  7:05  Drone x2  
  125  7:07  Overlord x2  
  125  7:08  Overlord x3  
  130  7:21  Pneumatized Carapace  
  130  7:32  Infestation Pit  
  129  7:37  Hydralisk Den  
  129  7:39  Zerg Ground Armor Level 2, Hydralisk Den  
  129  7:42  Roach x8  
  129  7:43  Roach x2  
  147  8:01  Roach x7  
  147  8:02  Roach x2  
  165  8:12  Hydralisk  
  165  8:13  Hydralisk  
  165  8:14  Drone, Overlord x2  
  154  9:39  Hydralisk x4, Roach x4  
  154  9:40  Hydralisk x2  
  154  9:41  Queen  
  176  9:45  Grooved Spines  
  176  9:48  Muscular Augments  
  176  9:53  Hive  
  172  11:09  Hydralisk x7  
Show
View Real Time Build Order
Export as new Build Order

A.I. 2 (Medium) Protoss 

Build Orders: Double Forge 

Get SALT Encoding   

  12  0:01  Probe (Chrono Boost)  
  13  0:11  Probe (Chrono Boost)  
  14  0:22  Probe (Chrono Boost), Pylon  
  15  0:40  Probe (Chrono Boost)  
  16  0:47  Assimilator  
  16  0:50  Probe (Chrono Boost)  
  16  0:51  Gateway  
  17  1:00  Pylon  
  17  1:01  Probe (Chrono Boost)  
  18  1:29  Gateway  
  18  1:36  Zealot  
  20  1:42  Cybernetics Core  
  20  1:58  Probe (Chrono Boost)  
  20  1:59  Pylon  
  21  2:09  Probe (Chrono Boost)  
  22  2:17  Warp Gate, Stalker, Assimilator  
  22  2:20  Probe (Chrono Boost)  
  25  2:29  Stalker  
  27  2:32  Probe (Chrono Boost)  
  28  2:37  Forge  
  28  2:43  Probe (Chrono Boost)  
  29  2:46  Stalker  
  31  2:55  Probe (Chrono Boost)  
  32  4:29  Adept  
  32  4:30  Probe (Chrono Boost)  
  32  4:31  Photon Cannon  
  35  4:33  Photon Cannon  
  35  4:35  Pylon  
  35  4:37  Robotics Facility  
  35  4:39  Stargate  
  35  4:41  Zealot  
  35  4:42  Gateway  
  35  4:45  Forge  
  37  4:49  Twilight Council  
  37  4:53  Sentry  
  37  4:55  Probe (Chrono Boost)  
  37  4:57  Pylon  
  34  5:02  Nexus  
  34  5:05  Adept  
  34  5:17  Stalker  
  36  5:25  Observer  
  37  5:29  Stalker  
  39  5:42  Zealot  
  41  5:45  Observer  
  42  5:54  Stalker  
  44  6:15  Probe (Chrono Boost)  
  44  6:17  Probe (Chrono Boost)  
  46  6:25  Probe (Chrono Boost)  
  47  6:28  Probe (Chrono Boost)  
  47  6:29  Assimilator  
  47  6:30  Pylon  
  47  6:32  Pylon  
  48  6:36  Probe (Chrono Boost)  
  48  6:38  Probe (Chrono Boost)  
  50  6:46  Probe (Chrono Boost)  
  51  6:49  Probe (Chrono Boost)  
  51  6:52  Photon Cannon  
  52  6:55  Photon Cannon  
  52  6:57  Probe (Chrono Boost)  
  52  6:59  Probe (Chrono Boost)  
  54  7:07  Probe (Chrono Boost)  
  55  7:10  Probe (Chrono Boost)  
  56  7:18  Probe (Chrono Boost)  
  56  7:21  Probe (Chrono Boost)  
  58  7:28  Probe (Chrono Boost)  
  59  7:31  Probe (Chrono Boost)  
  60  7:39  Probe (Chrono Boost)  
  60  7:42  Probe (Chrono Boost)  
  62  7:49  Probe (Chrono Boost)  
  63  7:52  Probe (Chrono Boost)  
  64  7:58  Assimilator  
  64  8:08  Protoss Ground Weapons Level 1, Protoss Ground Armor Level 1  
  64  8:13  Warp Prism  
  64  8:17  Gateway  
  62  8:20  Robotics Bay  
  62  8:21  Zealot, Robotics Facility  
  62  8:25  Stargate  
  52  8:33  Probe (Chrono Boost)  
  52  8:34  Zealot  
  55  8:47  Stalker  
  55  8:48  Observer  
  58  8:57  Templar Archives  
  58  9:00  Stalker  
  58  9:06  Gravitic Drive, Warp Prism  
  58  9:10  Dark Shrine, Nexus  
  58  9:13  Zealot  
  56  9:25  Zealot  
  58  9:38  Stalker  
  58  9:39  Fleet Beacon  
  56  9:51  Stalker  
  56  10:04  Zealot  
  62  10:23  Probe (Chrono Boost)  
  62  10:26  Zealot, Probe (Chrono Boost)  
  60  10:30  Probe (Chrono Boost)  
  60  10:33  Zealot, Probe (Chrono Boost)  
  53  10:37  Probe (Chrono Boost)  
  53  10:39  Robotics Bay  
  53  10:40  Stalker, Probe (Chrono Boost)  
  53  10:42  Stargate  
  54  10:48  Probe (Chrono Boost)  
  55  10:51  Probe (Chrono Boost)  
  55  10:55  Pylon  
  55  10:56  Pylon  
  42  10:57  Assimilator  
  42  11:01  Probe (Chrono Boost)  
  43  11:07  Assimilator  
  38  11:18  Pylon  
  33  11:26  Nexus  
  13  11:36  Zealot  
Show
View Real Time Build Order
Export as new Build Order

A.I. 3 (Harder) Terran 

Build Orders: MMM Bio 

Get SALT Encoding   

  12  0:01  SCV  
  13  0:13  SCV  
  14  0:20  Supply Depot  
  14  0:25  SCV  
  15  0:41  SCV  
  16  0:44  Barracks  
  16  0:50  Refinery  
  16  0:53  SCV  
  17  1:06  SCV  
  18  1:18  SCV  
  19  1:21  Supply Depot  
  19  1:30  SCV  
  19  1:32  Marine  
  21  1:41  Barracks  
  21  1:43  Orbital Command  
  21  1:50  Refinery, Barracks Tech Lab  
  21  2:07  Factory  
  21  2:08  Marine  
  22  2:23  Supply Depot  
  22  2:27  Marauder  
  22  2:29  Marine  
  25  2:47  Marine  
  25  2:50  Hellion  
  28  2:58  Supply Depot  
  28  3:06  Marauder  
  28  3:08  Marine  
  31  3:16  Hellion  
  33  3:27  Marauder  
  33  3:30  Supply Depot  
  35  3:38  Hellion  
  35  3:39  Marine  
  38  3:48  Marine  
  38  3:52  SCV  
  40  3:59  Hellion  
  42  4:03  Marine, Supply Depot  
  42  4:04  SCV  
  44  4:11  Marauder  
  44  4:14  Engineering Bay  
  44  4:16  SCV  
  47  4:20  Hellion  
  49  4:28  SCV  
  50  4:40  SCV  
  50  4:42  Hellion  
  53  4:52  SCV  
  54  6:10  Barracks Tech Lab  
  54  6:11  Stimpack, Widow Mine, Terran Infantry Weapons Level 1  
  54  6:13  Factory  
  54  6:16  Starport  
  56  6:20  Command Center, Starport  
  56  6:22  Supply Depot  
  56  6:28  Concussive Shells  
  55  6:40  Factory Tech Lab  
  55  6:47  Supply Depot  
  55  6:52  Viking  
  57  6:55  Starport Tech Lab  
  57  6:57  Factory Tech Lab  
  57  7:01  Widow Mine  
  59  7:10  Combat Shields  
  59  7:13  Viking  
  59  7:14  Armory  
  61  7:16  Supply Depot  
  61  7:23  Siege Tank, Starport Tech Lab  
  64  7:30  Missile Turret  
  64  7:32  SCV, Siege Tank  
  64  7:33  SCV  
  64  7:35  Refinery  
  69  7:45  SCV  
  69  7:46  SCV  
  71  7:57  SCV  
  71  7:58  SCV  
  73  8:03  Thor  
  79  8:06  Raven  
  79  8:09  SCV  
  79  8:10  SCV, Missile Turret  
  83  8:21  SCV  
  83  8:22  SCV, Missile Turret  
  74  8:27  Viking  
  74  8:33  SCV  
  48  8:37  Marine  
  45  8:49  Viking  
  45  8:55  Marine  
  18  9:42  Barracks  
  18  9:44  Refinery  
  5  10:15  Supply Depot  
Tags
 
Add a new tag
Caveats
  • Supply blocks, unpowered buildings, or Contaminate may cause inaccurate times.
  • Supply counts are checked every 10 seconds.